[Event "Titled Tuesday Blitz August 15 Early 2023"]
[White "Fajdetic, Hrvoje"]
[Black "Namitbir Singh Walia"]
[WhiteFideId "14501945"]
[BlackFideId "35071068"]
[WhiteElo "2265"]
[BlackElo "2404"]
[Result "0-1"]
[Round "8"]
[TimeControl "180+1"]
[Date "2023.08.15"]
[WhiteClock "0:00:00"]
[BlackClock "0:00:30"]
[Board "133"]

1. f4 d5 2. b3 Nf6 3. Bb2 g6 4. Nf3 Bg7 5. e3 O-O 6. Be2 c5 7. O-O Nc6 8. d3 Re8 9. Ne5 Qc7 10. Bf3 e6 11. a4 Nd7 12. d4 b6 13. c4 Ndxe5 14. dxe5 dxc4 15. bxc4 Ba6 16. Na3 Rad8 17. Qe2 Na5 18. Nb5 Qb8 19. Rad1 Rxd1 20. Rxd1 Rd8 21. Rxd8+ Qxd8 22. Nd6 Bf8 23. Nb5 Qd7 24. h4 h5 25. g4 hxg4 26. Bxg4 Bb7 27. Bf3 Bxf3 28. Qxf3 Nxc4 29. Bc3 a6 30. Nd6 Nxd6 31. exd6 Qxd6 32. h5 Qd5 33. e4 Qxh5 34. Qd3 Qg4+ 35. Kh1 Qxf4 0-1


[Site "https://www.chess.com"]

[Event "Titled Tuesday Blitz August 15 Early 2023"]
[White "Rom, Jasper"]
[Black "agvania123"]
[WhiteFideId "2023733"]
[WhiteElo "2403"]
[BlackElo "2265"]
[Result "1-0"]
[Round "8"]
[TimeControl "180+1"]
[Date "2023.08.15"]
[WhiteClock "0:00:11"]
[BlackClock "0:00:00"]
[Board "134"]

1. e4 e5 2. Nf3 Nf6 3. Nxe5 d6 4. Nf3 Nxe4 5. Nc3 Nxc3 6. dxc3 Be7 7. Be3 O-O 8. Qd2 Nc6 9. O-O-O Be6 10. Rg1 Ne5 11. Nd4 Nc4 12. Bxc4 Bxc4 13. Nf5 Be6 14. g4 Qd7 15. Bd4 Bxf5 16. gxf5 f6 17. Qf4 Rf7 18. Rg4 Bf8 19. Rdg1 Re8 20. h4 Qa4 21. Qg3 Qxa2 22. Bxf6 Re2 23. Kd1 Qxb2 24. Kxe2 Qxc2+ 25. Kf1 Qd1+ 26. Kg2 Qd5+ 27. Kh2 Qxf5 28. Bxg7 Qxf2+ 29. Qxf2 Rxf2+ 30. Kh1 Bxg7 31. Rxg7+ Kf8 32. Rxc7 h5 33. Rxb7 d5 34. Rxa7 d4 35. Rb1 1-0


[Site "https://www.chess.com"]

[Event "Titled Tuesday Blitz August 15 Early 2023"]
[White "Zaichenko, Daria"]
[Black "Fernandez Garcia, Gumersindo"]
[WhiteFideId "4197453"]
[BlackFideId "24516740"]
[WhiteElo "2234"]
[BlackElo "2396"]
[Result "1-0"]
[Round "8"]
[TimeControl "180+1"]
[Date "2023.08.15"]
[WhiteClock "0:00:05"]
[BlackClock "0:00:08"]
[Board "136"]

1. e3 e5 2. d4 d6 3. c4 Nf6 4. Nc3 Nbd7 5. Nf3 Be7 6. e4 O-O 7. d5 a5 8. Bd3 Nc5 9. Bc2 g6 10. Bh6 Re8 11. O-O Nh5 12. Nd2 Bg5 13. Bxg5 Qxg5 14. Ne2 f5 15. exf5 Bxf5 16. Ng3 Nxg3 17. fxg3 Bxc2 18. Qxc2 Rf8 19. Nf3 Qe3+ 20. Qf2 Qxf2+ 21. Rxf2 Rf7 22. b3 Raf8 23. Raf1 Nd3 24. Rd2 e4 25. Rdd1 Nb2 26. Rd2 Nxc4 27. bxc4 exf3 28. Rxf3 Rxf3 29. gxf3 Rxf3 30. Rc2 b6 31. Kg2 Ra3 32. Re2 Rc3 33. Re4 Kf7 34. Kh3 Rc2 35. a3 Rc3 36. a4 Ra3 37. Rf4+ Ke7 38. Re4+ Kd7 39. Rf4 Rxa4 40. Rf7+ Kc8 41. Rxh7 Rxc4 42. Rg7 a4 43. Rxg6 a3 44. Re6 a2 45. Re1 b5 46. g4 b4 47. g5 b3 48. g6 Rc3+ 49. Kh4 Rc2 50. Kh3 Re2 51. g7 Rxe1 52. g8=Q+ Kb7 53. Qg3 a1=Q 54. Qxb3+ Kc8 55. Qg3 Qh8+ 56. Kg2 Re2+ 57. Kf3 Qe5 58. Qg4+ Kd8 59. Qh4+ Qe7 60. Qh8+ Qe8 61. Qh4+ Kc8 62. Qg4+ Kb8 63. Qb4+ Ka7 64. Qa5+ Kb7 65. Qb4+ Ka6 66. Qc4+ Kb6 67. Qxe2 Qh5+ 68. Ke3 Qxd5 69. Qb2+ Kc6 70. Qc3+ Qc5+ 71. Qxc5+ Kxc5 72. Kf4 d5 73. h4 d4 74. h5 Kc4 75. h6 d3 76. Ke3 Kc3 77. h7 c5 78. h8=Q+ Kc2 79. Qh2+ Kc3 80. Qd2+ Kb3 81. Qxd3+ Kb4 82. Qc2 c4 83. Kd4 c3 84. Qxc3+ 1-0


[Site "https://www.chess.com"]

[Event "Titled Tuesday Blitz August 15 Early 2023"]
[White "le-castor-faineant"]
[Black "Fuzesabonyilaci"]
[WhiteElo "2199"]
[BlackElo "2390"]
[Result "0-1"]
[Round "8"]
[TimeControl "180+1"]
[Date "2023.08.15"]
[WhiteClock "0:00:17"]
[BlackClock "0:00:09"]
[Board "137"]

1. e4 e5 2. Nf3 Nc6 3. Bb5 a6 4. Ba4 Bc5 5. Qe2 Nge7 6. Nc3 O-O 7. O-O d6 8. h3 Kh8 9. d3 Ng6 10. Be3 Bxe3 11. fxe3 f5 12. exf5 Bxf5 13. Bxc6 bxc6 14. e4 Nf4 15. Qd2 Be6 16. Ne2 Nxh3+ 17. gxh3 Bxh3 18. Rf2 Qd7 19. Qg5 Rf6 20. Kh1 Raf8 21. Neg1 Rg6 22. Qd2 Qg4 23. Rh2 Rxf3 24. Nxh3 Rxh3 25. Rf1 Rf3 26. Qd1 Rxf1+ 27. Qxf1 Rf6 28. Qg1 Qf3+ 29. Qg2 Qd1+ 0-1


[Site "https://www.chess.com"]

[Event "Titled Tuesday Blitz August 15 Early 2023"]
[White "Ivanov, Alexey"]
[Black "Seifert, Henryk"]
[WhiteFideId "4167635"]
[BlackFideId "1100963"]
[WhiteElo "2575"]
[BlackElo "2098"]
[Result "1-0"]
[Round "8"]
[TimeControl "180+1"]
[Date "2023.08.15"]
[WhiteClock "0:01:23"]
[BlackClock "0:00:00"]
[Board "138"]

1. Nf3 d5 2. c4 c6 3. e3 Nf6 4. Qc2 g6 5. b3 Bg7 6. Bb2 O-O 7. h3 Bf5 8. d3 Nbd7 9. Nd4 e5 10. Nxf5 gxf5 11. Be2 Re8 12. O-O a5 13. a3 Qb6 14. Nd2 e4 15. Rac1 Ne5 16. Bxe5 Rxe5 17. cxd5 cxd5 18. d4 Ree8 19. a4 Bf8 20. Bb5 Red8 21. Qc7 Qxc7 22. Rxc7 Rab8 23. g3 Bd6 24. Rc2 h5 25. h4 Kg7 26. Nb1 Bb4 27. Rfc1 Bd6 28. Kf1 Kg6 29. Nc3 b6 30. Be2 Ba3 31. Ra1 1-0


[Site "https://www.chess.com"]

[Event "Titled Tuesday Blitz August 15 Early 2023"]
[White "Gatterer, Florian"]
[Black "Santos Flores, Alberto"]
[WhiteFideId "811688"]
[BlackFideId "3601234"]
[WhiteElo "2343"]
[BlackElo "2521"]
[Result "1/2-1/2"]
[Round "8"]
[TimeControl "180+1"]
[Date "2023.08.15"]
[WhiteClock "0:00:12"]
[BlackClock "0:00:13"]
[Board "139"]

1. f4 c5 2. Nf3 g6 3. e4 Bg7 4. g3 Nc6 5. Bg2 e6 6. O-O Nge7 7. c3 d5 8. e5 h5 9. h3 Nf5 10. d4 cxd4 11. cxd4 Qb6 12. Kh2 Nfxd4 13. Nxd4 Qxd4 14. Qe2 Qb6 15. Nc3 Bd7 16. Be3 d4 17. Bf2 Qa6 18. Qxa6 bxa6 19. Bxd4 Rb8 20. Bc5 Rxb2 21. Ne4 Ne7 22. Nd6+ Kf8 23. Rab1 Rc2 24. Rb8+ Nc8 25. Ba3 Kg8 26. Nxc8 Rxc8 27. Rxc8+ Bxc8 28. Rc1 Bd7 29. Rc7 Bb5 30. Rxa7 g5 31. h4 gxf4 32. gxf4 Bh6 33. Kg3 Kg7 34. Be4 Rc8 35. Be7 Kg8 36. Bg5 Rc3+ 37. Kg2 Bxg5 38. hxg5 Ra3 39. g6 Rxa2+ 40. Kg3 fxg6 41. Bxg6 Bc4 42. Bxh5 a5 43. Bf7+ Kf8 44. f5 Re2 45. Kf4 Rf2+ 46. Kg4 exf5+ 47. Kg3 Bxf7 48. Kxf2 Bd5 49. Rxa5 Be4 50. Ke3 Ke7 51. Kf4 Ke6 52. Ra6+ Ke7 53. Rf6 Bc2 54. Rh6 Bd3 55. Rb6 Bc2 56. Kg5 Bd3 57. Rd6 Bc2 58. Kf4 Bb1 59. Rb6 Bc2 60. Rb7+ Ke6 61. Rc7 Bb1 62. Rc3 Be4 63. Rh3 Bb1 64. Rh6+ Ke7 65. Rd6 Bc2 66. Rf6 Bb1 67. Rh6 Bc2 68. Rf6 Bb1 69. Rxf5 Bxf5 70. Kxf5 Kf7 71. e6+ Ke7 72. Ke5 Ke8 73. Kf6 Kf8 74. e7+ Ke8 75. Ke6 1/2-1/2


[Site "https://www.chess.com"]

[Event "Titled Tuesday Blitz August 15 Early 2023"]
[White "Saito, Vinicius"]
[Black "Yashmetov, Mikhail"]
[WhiteFideId "2113384"]
[BlackFideId "24198900"]
[WhiteElo "2332"]
[BlackElo "2472"]
[Result "1/2-1/2"]
[Round "8"]
[TimeControl "180+1"]
[Date "2023.08.15"]
[WhiteClock "0:00:29"]
[BlackClock "0:00:06"]
[Board "140"]

1. e4 c5 2. Nf3 Nc6 3. Bb5 g6 4. Bxc6 dxc6 5. Nc3 Bg7 6. h3 Nf6 7. d3 Nd7 8. Be3 e5 9. Qd2 h6 10. Nh2 b6 11. f4 exf4 12. Bxf4 Nf8 13. Nf3 Be6 14. O-O g5 15. Be3 Nd7 16. d4 cxd4 17. Nxd4 Qc7 18. Nxe6 fxe6 19. Qe2 O-O-O 20. Rf7 Be5 21. Raf1 Rhf8 22. Qg4 Qd6 23. a4 Rxf7 24. Rxf7 Rf8 25. Rxf8+ Nxf8 26. a5 Kb7 27. axb6 axb6 28. Qf3 Ng6 29. Qf2 c5 30. Qf1 Nf4 31. Qf3 Qc6 32. Bxf4 Bxf4 33. g3 Be5 34. Kg2 Bxc3 35. bxc3 Ka6 36. Qd3+ b5 37. Kf3 Kb6 38. Qd8+ Kb7 39. Qe7+ Kb6 40. Qd8+ Kb7 41. Qe7+ Kb6 42. Qd8+ 1/2-1/2


[Site "https://www.chess.com"]

[Event "Titled Tuesday Blitz August 15 Early 2023"]
[White "Shapiro, Daniel"]
[Black "Gurevich, Dmitry"]
[WhiteFideId "2001780"]
[BlackFideId "2000407"]
[WhiteElo "2297"]
[BlackElo "2464"]
[Result "0-1"]
[Round "8"]
[TimeControl "180+1"]
[Date "2023.08.15"]
[WhiteClock "0:00:24"]
[BlackClock "0:00:27"]
[Board "141"]

1. d4 Nf6 2. c4 a6 3. a4 e6 4. Nc3 d5 5. cxd5 exd5 6. Bf4 Bd6 7. Bg3 O-O 8. e3 Nc6 9. Bd3 Nb4 10. Be2 Bf5 11. Rc1 Rc8 12. Nf3 h6 13. O-O c6 14. Ne5 a5 15. Nd3 Bxg3 16. hxg3 Re8 17. Nxb4 axb4 18. Na2 Qa5 19. Qb3 Ra8 20. Qxb4 Qxb4 21. Nxb4 Rxa4 22. Nd3 Rea8 23. Nc5 Rb4 24. b3 Ne4 25. g4 Nxc5 26. Rxc5 Be4 27. f3 Bg6 28. Bd1 Bd3 29. Re1 Ra1 30. Rc3 Be2 31. Rxe2 Rxd1+ 32. Kf2 Rb1 33. e4 Rxd4 34. exd5 Rxd5 35. Re8+ Kh7 36. Re7 Rb5 37. Rxf7 R1xb3 38. Rc4 R3b4 39. Rc3 Kg6 40. Rd7 Rb2+ 41. Kg3 Re2 42. f4 Rbb2 43. f5+ Kf6 44. Rcd3 Rxg2+ 45. Kf4 Rb4+ 46. Kf3 Rbxg4 47. Rxb7 R2g3+ 48. Ke2 Rxd3 49. Kxd3 Kxf5 50. Rc7 Rg6 51. Rf7+ Kg4 0-1


[Site "https://www.chess.com"]

[Event "Titled Tuesday Blitz August 15 Early 2023"]
[White "Konenkin, Dmitry"]
[Black "MrAnnihilation"]
[WhiteFideId "4185781"]
[WhiteElo "2292"]
[BlackElo "2433"]
[Result "1-0"]
[Round "8"]
[TimeControl "180+1"]
[Date "2023.08.15"]
[WhiteClock "0:00:27"]
[BlackClock "0:00:00"]
[Board "142"]

1. d4 Nf6 2. Bg5 c5 3. Nc3 cxd4 4. Qxd4 Nc6 5. Qh4 e6 6. e4 h6 7. O-O-O Be7 8. f4 O-O 9. Nf3 Ne8 10. Bxe7 Qxe7 11. Qf2 a6 12. g4 b5 13. g5 h5 14. e5 Bb7 15. Bd3 g6 16. Ne4 Nb4 17. Nf6+ Kg7 18. a3 Nxd3+ 19. Rxd3 d5 20. exd6 Nxd6 21. Qd4 e5 22. fxe5 1-0


[Site "https://www.chess.com"]

[Event "Titled Tuesday Blitz August 15 Early 2023"]
[White "crazy_m_attack"]
[Black "Baghdasaryan, Vahe"]
[BlackFideId "13303139"]
[WhiteElo "2289"]
[BlackElo "2429"]
[Result "1-0"]
[Round "8"]
[TimeControl "180+1"]
[Date "2023.08.15"]
[WhiteClock "0:01:31"]
[BlackClock "0:00:05"]
[Board "143"]

1. e4 e5 2. Nf3 Nc6 3. Bb5 a6 4. Ba4 Nf6 5. d3 d6 6. c4 Be7 7. h3 h6 8. Be3 Bd7 9. Nc3 Nb8 10. Bc2 b5 11. Qd2 c6 12. c5 Qc7 13. cxd6 Bxd6 14. d4 exd4 15. Bxd4 c5 16. Bxf6 gxf6 17. Nd5 Qd8 18. O-O-O Be5 19. Nxe5 fxe5 20. f4 Nc6 21. fxe5 Nxe5 22. Qf4 Qb8 23. Qf6 O-O 24. Ne7+ Kh7 25. Rd6 Be6 26. Qxe5 Qe8 27. Nf5 Bxf5 28. Qxf5+ Kg8 1-0


[Site "https://www.chess.com"]

[Event "Titled Tuesday Blitz August 15 Early 2023"]
[White "Sanhueza, Cristian"]
[Black "Kaminski, Victor"]
[WhiteFideId "116815"]
[BlackFideId "1131630"]
[WhiteElo "2420"]
[BlackElo "2289"]
[Result "1-0"]
[Round "8"]
[TimeControl "180+1"]
[Date "2023.08.15"]
[WhiteClock "0:01:43"]
[BlackClock "0:00:42"]
[Board "144"]

1. e4 e5 2. Nf3 Nc6 3. Bc4 Bc5 4. c3 Nf6 5. d4 exd4 6. cxd4 Bb4+ 7. Nc3 Nxe4 8. O-O Bxc3 9. d5 Bf6 10. Re1 Ne7 11. Rxe4 d6 12. Bg5 Bxg5 13. Nxg5 h6 14. Qe2 hxg5 15. Re1 Be6 16. dxe6 f6 17. Re3 Kf8 18. Rh3 Rxh3 19. gxh3 g6 20. Qf3 Kg7 21. Qxb7 Rb8 22. Qxa7 Rxb2 23. Bb3 d5 24. Rc1 Qd6 25. Rxc7 Kf8 26. Rc8+ Kg7 27. Re8 f5 28. Qd4+ 1-0


[Site "https://www.chess.com"]

[Event "Titled Tuesday Blitz August 15 Early 2023"]
[White "Smietanska, Wiktoria"]
[Black "Llanos, Guillermo"]
[WhiteFideId "21869359"]
[BlackFideId "100358"]
[WhiteElo "2288"]
[BlackElo "2409"]
[Result "0-1"]
[Round "8"]
[TimeControl "180+1"]
[Date "2023.08.15"]
[WhiteClock "0:00:11"]
[BlackClock "0:00:44"]
[Board "145"]

1. c4 b6 2. e4 e5 3. Nc3 Nc6 4. Nf3 Nf6 5. d4 exd4 6. Nxd4 Nxd4 7. Qxd4 Bc5 8. Qd2 O-O 9. Be2 Re8 10. f3 c6 11. a3 a5 12. Qd3 Ba6 13. Be3 d5 14. Bxc5 Bxc4 15. Bxb6 Qxb6 16. Qd2 Bxe2 17. Qxe2 dxe4 18. fxe4 Qd4 19. Rd1 Qe5 20. O-O Nxe4 21. Rde1 Qc5+ 22. Kh1 Ng3+ 23. hxg3 Rxe2 24. Rxe2 h6 25. Ref2 Rf8 26. Ne4 Qd4 27. Re2 c5 28. Rfe1 c4 29. Rc2 a4 30. Nd2 Rc8 31. Nf3 Qd3 32. Rc3 Qd6 33. Rec1 Qe6 34. Nd4 Qd5 35. Nf3 Kh7 36. b3 axb3 37. Rxb3 cxb3 38. Rxc8 Qd1+ 39. Kh2 b2 40. Rb8 b1=Q 0-1


[Site "https://www.chess.com"]

[Event "Titled Tuesday Blitz August 15 Early 2023"]
[White "Wang, Alexander J"]
[Black "Buscar, Michael"]
[WhiteFideId "30955270"]
[BlackFideId "2603616"]
[WhiteElo "2288"]
[BlackElo "2403"]
[Result "1-0"]
[Round "8"]
[TimeControl "180+1"]
[Date "2023.08.15"]
[WhiteClock "0:00:11"]
[BlackClock "0:00:03"]
[Board "146"]

1. e4 c5 2. Nf3 Nc6 3. d4 cxd4 4. Nxd4 Nf6 5. Nc3 e5 6. Ndb5 h6 7. Nd6+ Bxd6 8. Qxd6 Qe7 9. Qxe7+ Kxe7 10. Be3 Rd8 11. O-O-O d6 12. Kb1 Be6 13. f3 d5 14. Bc5+ Ke8 15. exd5 Nxd5 16. Ne4 b6 17. Bf2 f5 18. Bb5 Rac8 19. Nd2 Kf7 20. Nc4 Kf6 21. Rhe1 Nd4 22. Bxd4 exd4 23. Rxd4 Rc5 24. Na3 Rdc8 25. Bc4 Nc3+ 26. bxc3 Bxc4 27. Nxc4 Rxc4 28. Rxc4 Rxc4 29. Kb2 g5 30. Rd1 Rc6 31. Rd7 a5 32. Kb3 Ke6 33. Rh7 Ke5 34. g3 g4 35. fxg4 fxg4 36. Re7+ Kf5 37. a4 Kf6 38. Rh7 Kf5 39. Re7 Kg5 40. c4 Kf6 41. Re4 Kg5 42. Kc3 Kf5 43. Rf4+ Kg5 44. Kd4 Rd6+ 45. Ke5 Rd2 46. Rf5+ Kg6 47. Rf6+ Kg5 48. Rxb6 Rxc2 49. Kd4 Rxh2 50. Rb5+ Kf6 51. Rxa5 h5 52. Ra6+ Ke7 53. Ra7+ Kd6 54. Rh7 Rh3 55. Rh6+ Kc7 56. Kc5 Rxg3 57. Rxh5 Ra3 58. Kb4 Ra1 59. Rg5 Rg1 60. Kc5 g3 61. Rg7+ Kb8 62. Kc6 g2 63. c5 Ra1 64. Rxg2 Rxa4 65. Rg8+ Ka7 66. Kd5 Ra6 67. c6 Ra1 68. Kd6 Rd1+ 69. Kc7 Rc1 70. Rd8 Ka6 71. Rd5 Rc2 72. Rd1 Kb5 73. Rb1+ Ka6 74. Kd7 Rd2+ 75. Kc8 Ka7 76. c7 Ka8 77. Rb4 Ka7 78. Rf4 Rd3 79. Rf7 Rd4 80. Rd7 Rh4 81. Rd5 Rh8+ 82. Kd7 Rh7+ 83. Kc6 Rh6+ 84. Rd6 Rh8 85. Rd8 Rh6+ 86. Kd5 Rh5+ 87. Ke4 Rh4+ 88. Kf3 Rh3+ 89. Kg2 Rc3 90. c8=Q Rxc8 91. Rxc8 Kb7 92. Rf8 1-0


[Site "https://www.chess.com"]

[Event "Titled Tuesday Blitz August 15 Early 2023"]
[White "Levitan, Caleb Levi"]
[Black "Rozhkov, Viacheslav"]
[WhiteFideId "14332620"]
[BlackFideId "4181484"]
[WhiteElo "2287"]
[BlackElo "2400"]
[Result "1/2-1/2"]
[Round "8"]
[TimeControl "180+1"]
[Date "2023.08.15"]
[WhiteClock "0:00:11"]
[BlackClock "0:00:07"]
[Board "147"]

1. e4 c5 2. Nf3 Nc6 3. Nc3 e6 4. d4 cxd4 5. Nxd4 Nf6 6. Nxc6 bxc6 7. Bd3 d5 8. O-O Be7 9. f4 O-O 10. Kh1 Nd7 11. Be3 Bc5 12. Bxc5 Nxc5 13. Qe2 Rb8 14. Rab1 Qc7 15. Qf2 Nxd3 16. cxd3 Ba6 17. Rfd1 Rfd8 18. exd5 exd5 19. d4 Re8 20. Re1 h6 21. b3 Bd3 22. Rbd1 Bf5 23. Re5 g6 24. Ne2 f6 25. Rxe8+ Rxe8 26. Ng3 Qd7 27. Re1 Be4 28. Nxe4 Rxe4 29. Rxe4 dxe4 30. Qe3 Qd5 31. h3 Kg7 32. Kh2 g5 33. fxg5 hxg5 34. Kh1 Kg6 35. a4 f5 36. g3 a5 37. h4 Qd8 38. hxg5 Qxg5 39. Qc3 Qh6+ 40. Kg2 Kg5 41. Qxa5 Kg4 42. Qc3 Qh3+ 43. Kf2 Qh2+ 44. Kf1 Qh1+ 45. Kf2 Qh2+ 46. Kf1 Qh3+ 47. Kf2 Qh2+ 1/2-1/2


[Site "https://www.chess.com"]

[Event "Titled Tuesday Blitz August 15 Early 2023"]
[White "Slovineanu, Viacheslav"]
[Black "Barwinska, Ewa"]
[WhiteFideId "13900510"]
[BlackFideId "21833761"]
[WhiteElo "2361"]
[BlackElo "2284"]
[Result "1-0"]
[Round "8"]
[TimeControl "180+1"]
[Date "2023.08.15"]
[WhiteClock "0:00:11"]
[BlackClock "0:00:10"]
[Board "148"]

1. d4 d5 2. Nf3 e6 3. c4 Nf6 4. e3 Nbd7 5. b3 Be7 6. Bd3 O-O 7. O-O c5 8. Bb2 cxd4 9. exd4 dxc4 10. bxc4 b6 11. Nc3 Bb7 12. Qe2 Qc7 13. Rad1 Rfe8 14. Ne5 a6 15. Rfe1 Bd6 16. f4 Rad8 17. Qf2 h5 18. h3 Nf8 19. Kh1 N6d7 20. Qh4 g6 21. Qg5 Be7 22. Qh6 Bf6 23. d5 Bg7 24. Qxg7+ Kxg7 25. dxe6 Nxe6 26. Nd5 Bxd5 27. cxd5 f6 28. dxe6 Nxe5 29. fxe5 Rxe6 30. exf6+ Kf7 31. Rxe6 Kxe6 32. Re1+ Kf7 33. Bxa6 Re8 34. Rc1 Qf4 35. Bc4+ Kf8 36. f7 Re7 37. Ba3 Qxf7 38. Bxf7 Kxf7 39. Rf1+ Ke6 40. Bxe7 Kxe7 41. Rb1 Kd6 42. Rxb6+ Kc5 43. Rxg6 Kb4 44. Rh6 Ka3 45. Rxh5 Kxa2 46. Rf5 Kb1 47. g4 Kc1 48. h4 Kd1 49. h5 Ke1 50. h6 Kd1 51. h7 Kc1 52. h8=Q 1-0


[Site "https://www.chess.com"]

[Event "Titled Tuesday Blitz August 15 Early 2023"]
[White "Vila Dupla, Aurelio"]
[Black "Okike, David"]
[WhiteFideId "2203383"]
[BlackFideId "8500134"]
[WhiteElo "2121"]
[BlackElo "2347"]
[Result "0-1"]
[Round "8"]
[TimeControl "180+1"]
[Date "2023.08.15"]
[WhiteClock "0:00:13"]
[BlackClock "0:00:54"]
[Board "149"]

1. Nf3 Nf6 2. d4 g6 3. g3 Bg7 4. Bg2 O-O 5. O-O d6 6. c4 Nc6 7. Nc3 Bg4 8. h3 Bxf3 9. Bxf3 Nd7 10. Bxc6 bxc6 11. Be3 a5 12. b3 c5 13. Rc1 cxd4 14. Bxd4 e5 15. Be3 Nf6 16. Nd5 a4 17. Bg5 axb3 18. Qxb3 c6 19. Nxf6+ Bxf6 20. Be3 Qc7 21. Rb1 Rfb8 22. Qc2 Qa5 23. Rxb8+ Rxb8 24. Rd1 Be7 25. c5 d5 26. Rc1 Qa3 27. Rb1 Ra8 28. Rb7 Bf8 29. Rc7 d4 30. Qc4 Qxa2 31. Qxa2 Rxa2 32. Bg5 Kg7 33. Rxc6 Rxe2 34. Rc8 f6 35. Bh6+ Kxh6 36. Rxf8 Rc2 37. Rxf6 Rxc5 38. Rd6 Kg5 39. Kg2 Kf5 40. Kf3 e4+ 41. Kg2 d3 42. Rd5+ Rxd5 0-1


[Site "https://www.chess.com"]

[Event "Titled Tuesday Blitz August 15 Early 2023"]
[White "LeoLV10"]
[Black "Souza Neves, Andrey M."]
[BlackFideId "2101815"]
[WhiteElo "2465"]
[BlackElo "2134"]
[Result "1-0"]
[Round "8"]
[TimeControl "180+1"]
[Date "2023.08.15"]
[WhiteClock "0:00:34"]
[BlackClock "0:00:00"]
[Board "150"]

1. e4 c6 2. d4 d5 3. e5 Bf5 4. g4 Bd7 5. Be2 e6 6. h4 c5 7. c3 Nc6 8. Nf3 Qb6 9. h5 h6 10. a3 c4 11. Nbd2 Na5 12. Rb1 Ne7 13. O-O Nb3 14. Nxb3 Ba4 15. Be3 Bxb3 16. Qd2 O-O-O 17. Bd1 Nc6 18. Bxb3 Qxb3 19. Qc1 Na5 20. Nd2 Qb6 21. b4 cxb3 22. c4 Kb8 23. c5 Qb5 24. Qc3 Be7 25. Nxb3 Nxb3 26. Rxb3 Qc4 27. Qb2 Rd7 28. Rb1 Qa6 29. Qc2 Rc8 30. Qh7 Bf8 31. Kg2 Qe2 32. Kg3 Rdc7 33. R3b2 Qa6 34. Qc2 Ka8 35. Qb3 f6 36. Bf4 f5 37. gxf5 exf5 38. Qxd5 g5 39. hxg6 Qxg6+ 40. Kf3 Qg4+ 41. Ke3 1-0


[Site "https://www.chess.com"]

[Event "Titled Tuesday Blitz August 15 Early 2023"]
[White "Juicy_Fork"]
[Black "Tomaszewski, Kacper"]
[BlackFideId "1127373"]
[WhiteElo "2243"]
[BlackElo "2458"]
[Result "1-0"]
[Round "8"]
[TimeControl "180+1"]
[Date "2023.08.15"]
[WhiteClock "0:00:26"]
[BlackClock "0:00:00"]
[Board "151"]

1. e4 d5 2. exd5 Qxd5 3. Nc3 Qd6 4. d4 Nf6 5. Nf3 Nc6 6. Bb5 a6 7. Bxc6+ Qxc6 8. O-O Bg4 9. d5 Qc4 10. h3 Bh5 11. Qd4 Qxd4 12. Nxd4 O-O-O 13. Be3 Nxd5 14. Nxd5 Rxd5 15. f4 e6 16. c4 Rd8 17. g4 Bg6 18. Nf3 Bd3 19. Rfd1 f6 20. b3 Bg6 21. Rxd8+ Kxd8 22. Rd1+ Kc8 23. c5 Bf7 24. b4 Be7 25. Kf2 Rd8 26. Bd4 Rd5 27. Kg3 Bd8 28. Rd2 c6 29. Bc3 Rxd2 30. Nxd2 a5 31. Nc4 axb4 32. Nd6+ Kd7 33. Bxb4 Bg8 34. Nxb7 e5 35. a4 Bc7 36. f5 Bc4 37. Ba5 Bxa5 38. Nxa5 Bd5 39. Nb7 Bb3 40. a5 Kc7 41. Nd6 Kb8 42. Ne8 Ka7 43. Nxg7 Bf7 44. Ne6 Ka6 45. g5 fxg5 46. Nxg5 Bd5 47. f6 1-0


[Site "https://www.chess.com"]

[Event "Titled Tuesday Blitz August 15 Early 2023"]
[White "Fernandez Hernandez, Gerardo"]
[Black "favesaul"]
[WhiteFideId "2207400"]
[WhiteElo "2229"]
[BlackElo "2439"]
[Result "1-0"]
[Round "8"]
[TimeControl "180+1"]
[Date "2023.08.15"]
[WhiteClock "0:00:29"]
[BlackClock "0:00:00"]
[Board "152"]

1. e4 e5 2. Nf3 Nc6 3. Bc4 Nf6 4. d4 exd4 5. e5 Ne4 6. O-O d5 7. exd6 Nxd6 8. Re1+ Be7 9. Bd5 O-O 10. Nxd4 Nxd4 11. Qxd4 Bf6 12. Qd1 Bf5 13. Nc3 c6 14. Bb3 Qd7 15. Bf4 Rad8 16. Qf3 Bxc3 17. bxc3 Rfe8 18. Bxd6 Rxe1+ 19. Rxe1 g6 20. Bg3 h5 21. h3 b5 22. a4 a5 23. Bf4 Re8 24. Rxe8+ Qxe8 25. Qe3 Qd7 26. Qd4 Qe7 27. Be5 Kh7 28. Bh8 f6 29. Qxf6 Qxf6 30. Bxf6 1-0


[Site "https://www.chess.com"]

[Event "Titled Tuesday Blitz August 15 Early 2023"]
[White "Liu, Leonardo"]
[Black "Hoffmann, Asa"]
[WhiteFideId "30965780"]
[BlackFideId "2001470"]
[WhiteElo "2228"]
[BlackElo "2384"]
[Result "1-0"]
[Round "8"]
[TimeControl "180+1"]
[Date "2023.08.15"]
[WhiteClock "0:00:19"]
[BlackClock "0:00:00"]
[Board "153"]

1. e4 d6 2. Nc3 c6 3. g3 g6 4. Bg2 Bg7 5. d3 Nf6 6. h3 O-O 7. Be3 d5 8. Nge2 e5 9. exd5 cxd5 10. Bg5 Be6 11. Qd2 Nc6 12. O-O Re8 13. f4 d4 14. Ne4 Nxe4 15. dxe4 f6 16. Bh4 Qb6 17. Kh2 Rac8 18. fxe5 fxe5 19. c3 Bc4 20. Bf6 Qc7 21. Bxg7 Qxg7 22. Rf3 Bxe2 23. Qxe2 Rf8 24. Raf1 Rxf3 25. Rxf3 Rf8 26. cxd4 Nxd4 27. Qc4+ Kh8 28. Rxf8+ Qxf8 29. Qd5 Qe7 30. Bf1 Kg7 31. Bc4 Qf6 32. Qd7+ Kh6 33. Qg4 Qf2+ 34. Kh1 Qe1+ 35. Kg2 Qd2+ 36. Kg1 Qc1+ 37. Bf1 Qe3+ 38. Kh1 Qf3+ 39. Qxf3 Nxf3 40. Kg2 Nd4 41. Bc4 Kg5 42. Bd5 b6 43. Kf2 h5 44. Ke3 Kf6 45. Bc4 g5 46. Be2 h4 47. gxh4 gxh4 48. Bg4 Ke7 49. Kd3 Kd6 50. Kc4 b5+ 51. Kb4 a6 52. Ka5 Kc5 53. Kxa6 Nc6 54. Kb7 Nb4 55. a3 Nd3 56. b4+ Kd4 57. Kb6 1-0


[Site "https://www.chess.com"]

[Event "Titled Tuesday Blitz August 15 Early 2023"]
[White "Daeschler, Florian"]
[Black "Thiel, Thomas"]
[WhiteFideId "20678193"]
[BlackFideId "4615964"]
[WhiteElo "2370"]
[BlackElo "2224"]
[Result "0-1"]
[Round "8"]
[TimeControl "180+1"]
[Date "2023.08.15"]
[WhiteClock "0:00:29"]
[BlackClock "0:00:50"]
[Board "154"]

1. Nf3 Nf6 2. c4 g6 3. Nc3 Bg7 4. d4 d5 5. Bf4 O-O 6. e3 c5 7. Be2 cxd4 8. exd4 dxc4 9. O-O Nc6 10. Bxc4 Bg4 11. d5 Na5 12. Be2 b6 13. h3 Bf5 14. Nd4 Nxd5 15. Nxf5 Nxf4 16. Qxd8 Raxd8 17. Nxe7+ Kh8 18. Bf3 Nc4 19. Nc6 Rd2 20. Ne4 Rxb2 21. Rac1 Nd2 22. Nxd2 Rxd2 23. Nxa7 Rxa2 24. Rc7 Bd4 25. Nb5 Bc5 26. Nc3 Rc2 27. Nb5 Kg7 28. Be4 Rc4 29. Bb7 Rd8 30. g3 Nxh3+ 31. Kg2 Ng5 32. Na7 Rd2 33. Nc6 Rcc2 34. Ne5 Rxf2+ 35. Rxf2 Rxf2+ 36. Kh1 h5 37. Bd5 Rf5 0-1


[Site "https://www.chess.com"]

[Event "Titled Tuesday Blitz August 15 Early 2023"]
[White "Vaglio Munoz, Jaime"]
[Black "Osinovsky, Stepan"]
[WhiteFideId "6500145"]
[BlackFideId "4157354"]
[WhiteElo "2225"]
[BlackElo "2335"]
[Result "1-0"]
[Round "8"]
[TimeControl "180+1"]
[Date "2023.08.15"]
[WhiteClock "0:00:35"]
[BlackClock "0:00:00"]
[Board "155"]

1. Nf3 Nf6 2. c4 g6 3. b3 Bg7 4. Bb2 O-O 5. g3 d6 6. d4 e5 7. dxe5 Ng4 8. Bg2 Nd7 9. O-O Ngxe5 10. Nxe5 Nxe5 11. Qc1 a5 12. Nc3 Bg4 13. h3 Bf5 14. Nd5 Re8 15. g4 Bxg4 16. Bxe5 Bxe5 17. hxg4 c6 18. f4 Bd4+ 19. e3 Bc5 20. Rf3 cxd5 21. cxd5 Qh4 22. Qd2 Rxe3 23. Rxe3 Re8 24. Re1 Qg3 25. Kf1 Qxf4+ 26. Qf2 Qxf2+ 27. Kxf2 f5 28. gxf5 1-0


[Site "https://www.chess.com"]